 Dungeon Crawl Stone Soup version 0.27.1-4-g1640c2035a (webtiles) character file.

Game seed: 9964985947637060525

51 ders the Shield-Bearer (level 3, -2/24 HPs)
             Began as a Gargoyle Fighter on Nov 1, 2021.
             Slain by an orc (3 damage)
             ... on level 3 of the Dungeon.
             The game lasted 00:03:13 (2166 turns).

ders the Shield-Bearer (Gargoyle Fighter)           Turns: 2166, Time: 00:03:13

Health: -2/24      AC: 13    Str: 20    XL:     3   Next: 81%
Magic:  3/3        EV:  7    Int:  8    God:
Gold:   145        SH:  9    Dex:  9    Spells: 2/2 levels left

rFire    . . .     SeeInvis .   a - +0 flail
rCold    . . .     Faith    .   c - +0 kite shield
rNeg     + . .     Spirit   .   b - +0 scale mail
rPois    ∞         Reflect  .   r - +0 helmet
rElec    +         Harm     .   (no cloak)
rCorr    .         Rampage  .   (no gloves)
Will     .....                  q - +1 pair of boots {Fly}
Stlth    ..........             (no amulet)
HPRegen  0.08/turn              (no ring)
MPRegen  0.08/turn              (no ring)

@: flying
A: sickness immunity, AC +3, negative energy resistance 1, electricity
resistance, torment resistance 1, petrification resistance
a: no special abilities


You were on level 3 of the Dungeon.
You visited 1 branch of the dungeon, and saw 3 of its levels.

You collected 145 gold pieces.

Inventory:

Hand Weapons
 a - a +0 flail (weapon)
Armour
 b - a +0 scale mail (worn)
 c - a +0 kite shield (worn)
 h - a +0 pair of boots
 q - a +1 pair of boots of flying (worn)
 r - a +0 helmet (worn)
Jewellery
 l - a ring of magical power
Scrolls
 e - a scroll of teleportation {unknown}
 g - a scroll of immolation {unknown}
 j - 2 scrolls of identify {unknown}
 k - a scroll of vulnerability {unknown}
 m - a scroll of fog {unknown}
Potions
 d - a potion of might
 f - 2 potions of curing {unknown}
 i - a potion of heal wounds {unknown}
 n - a potion of attraction {unknown}
 o - a potion of mutation {unknown}
 p - a potion of brilliance {unknown}


   Skills:
 * Level 3.6 Fighting
 * Level 2.4 Maces & Flails
 - Level 3.8 Armour
 - Level 4.0 Shields


You had 2 spell levels left.
You didn't know any spells.
Your spell library contained the following spells:

 Spells                   Type           Power      Damage    Failure   Level
 Freeze                   Ice            0%         1d3       99%         1
 Frozen Ramparts          Ice            0%         1d2       100%        3
 Hailstorm                Conj/Ice       0%         3d3       100%        4


Dungeon Overview and Level Annotations

Branches:
Dungeon (3/15)

Altars:

Shops:
D:2 *


Innate Abilities, Weirdness & Mutations

You are immune to sickness and miasma.
Your stone body is resilient. (AC +3)
You are immune to poison.
You resist negative energy. (rN+)
You are resistant to electric shocks. (rElec)
You are resistant to unholy torment.
You are immune to petrification.


Message History

You completely miss the orc. The orc hits you but does no damage.
You block the orc's attack.
You hit the orc.
The orc is heavily wounded.
The orc hits you but does no damage. The orc barely misses you.
The orc hits you but does no damage. You block the orc's attack.
You barely miss the orc.
The orc is heavily wounded.
The orc hits you with a +0 hand axe.
* * * LOW HITPOINT WARNING * * *
The orc hits you but does no damage.
You barely miss the orc.
The orc is heavily wounded.
The orc hits you but does no damage. x4
You barely miss the orc.
The orc is heavily wounded.
The orc hits you but does no damage. You block the orc's attack.
You hit the orc.
The orc is almost dead.
You block the orc's attack. The orc hits you with a +0 short sword.
* * * LOW HITPOINT WARNING * * *
You block the orc's attack. x2
You closely miss the orc.
The orc is almost dead.
The orc hits you with a +0 hand axe.
* * * LOW HITPOINT WARNING * * *
The orc hits you but does no damage.
You closely miss the orc.
The orc is almost dead.
You block the orc's attack. x2; The orc hits you but does no damage.
You block the orc's attack.
You hit the orc.
You kill the orc!
The orc barely misses you.
You completely miss the orc. The orc hits you but does no damage. x2
You hit the orc but do no damage. The orc hits you with a +0 hand axe.
* * * LOW HITPOINT WARNING * * *
You closely miss the orc. You block the orc's attack. x2
You closely miss the orc. The orc hits you with a +0 hand axe.
You die...

##.#######...#..#.####
.....................$
####.#......#........
#.<.....##..#.####
###...#.##..#.#
##.##.##..#.#
...#.##..#.#
..#...##.=# ##.
.####.@# ## #o)# #.)#
#..# ...# ###.# #..
#.. #>.


You could see an orc.

Vanquished Creatures
  An adder (D:2)
  5 orcs (D:3)
  2 ball pythons
  4 bats
  2 endoplasms
  3 giant cockroaches
  2 goblins (D:1)
  A hobgoblin (D:2)
  2 jackals (D:2)
  3 quokkas
  A frilled lizard (D:3)
  3 kobolds (D:1)
  5 rats
34 creatures vanquished.

Notes
Turn   | Place    | Note
-------+----------+-------------------------------------------
     0 | D:1      | ders the Gargoyle Fighter began the quest for the Orb.
     0 | D:1      | Reached XP level 1. HP: 14/14 MP: 1/1
     6 | D:1      | Noticed a basilisk
     6 | D:1      | Noticed an imperial myrmidon
     7 | D:1      | Noticed a frost giant
   546 | D:1      | Reached XP level 2. HP: 19/19 MP: 2/2
  1763 | D:2      | Found Xousonul's Assorted Antiques.
  1770 | D:2      | Reached skill level 4 in Shields
  1770 | D:2      | Reached XP level 3. HP: 23/23 MP: 3/3
  2164 | D:3      | HP: 1/24 [orc (4)]
  2166 | D:3      | Slain by an orc

Illustrated notes

Levels and vault maps discovered:
D:1:      onia_arrival_zoo_common, layout_basic, minmay_tetromino_t2
D:2:      layout_basic, serial_shops, shop, hangedman_decor_clover_reticule,
          columned_hall_lemuel, chequers_decorated_corner,
          kennysheep_generic_room_15
D:3:      layout_loops_ring, shapermc_ecumenical_altar_venn,
          uniq_crazy_yiuf_cottage

Skill      XL: |  1  2 |
---------------+-------+-----
Shields        | 4 |  4.0
Fighting       | |  3.6
Maces & Flails | |  2.4
Armour         | |  3.8

Action                   || total
-------------------------++-------
Melee: Flail             ||   143
Armor: Scale mail        ||   113
Dodge: Dodged            ||    52
Block: Kite shield       ||    98
